 Dungeon Crawl Stone Soup version 0.31.0-9-g3a7656b989 (webtiles) character file.

Game seed: 8973013823589391060

32 Axelsxxd the Digger (level 3, -6/20 HPs)
             Began as a Gargoyle Earth Elementalist on Feb 3, 2024.
             Mangled by a gnoll
             ... wielding a +0 flail
              (11 damage)
             ... on level 2 of the Dungeon.
             The game lasted 00:02:37 (1369 turns).

Axelsxxd the Digger (Gargoyle Earth Elementalist)   Turns: 1369, Time: 00:02:38

Health: -6/20      AC:  5    Str: 11    XL:     3   Next: 27%
Magic:  3/6        EV: 12    Int: 17    God:
Gold:   40         SH:  0    Dex: 10    Spells: 2/6 levels left

rFire   . . .        d - +0 club
rCold   . . .        (no shield)
rNeg    + . .        a - +0 robe
rPois   ∞            (no helmet)
rElec   +            (no cloak)
rCorr   .            (no gloves)
SInv    +            (no boots)
Will    .....        (no amulet)
Stlth   ++           j - ring of see invisible
HPRegen 0.23/turn    (no ring)
MPRegen 0.10/turn

%: no passive effects
@: no status effects
A: sickness immunity, AC +3, negative energy resistance 1, electricity
resistance, torment resistance 1, petrification resistance
a: no special abilities


You were on level 2 of the Dungeon.
You visited 1 branch of the dungeon, and saw 2 of its levels.

You collected 40 gold pieces.

Inventory:

Hand Weapons
 d - a +0 club (weapon)
Armour
 a - a +0 robe (worn)
Jewellery
 j - a ring of see invisible (left hand)
Scrolls
 e - a scroll of teleportation {unknown}
 g - 2 scrolls of poison {unknown}
 h - a scroll of fear {unknown}
 i - a scroll of immolation {unknown}
 k - a scroll of enchant armour {unknown}
 l - a scroll of identify {unknown}
 m - a scroll of brand weapon {unknown}
Potions
 b - a potion of magic
 c - a potion of cancellation {unknown}
 f - 2 potions of haste {unknown}
 n - 2 potions of curing {unknown}
 o - a potion of mutation {unknown}
 p - a potion of heal wounds {unknown}


   Skills:
 * Level 1.6 Fighting
 + Level 1.8 Dodging
 - Level 2.1 Stealth
 + Level 2.2 Spellcasting
 + Level 1.7 Conjurations
 + Level 3.9 Earth Magic


You had 2 spell levels left.
You knew the following spells:

 Your Spells              Type           Power      Damage    Failure   Level
a - Sandblast             Erth           30%        2d9       3%          1
b - Passwall              Erth           15%        N/A       11%         3

Your spell library contained the following spells:

 Spells                   Type           Power      Damage    Failure   Level
 Stone Arrow              Conj/Erth      22%        3d8       17%         3
 Gell's Gravitas          Tloc           1%         N/A       50%         3
 Teleport Other           Tloc           1%         N/A       50%         3
 Brom's Barrelling Bould  Conj/Erth      11%        2d3       50%         4
 Petrify                  Alch/Erth      8%         N/A       63%         4
 Dispersal                Tloc           0%         N/A       100%        6


Dungeon Overview and Level Annotations

Branches:
Dungeon (2/15)

Altars:


Innate Abilities, Weirdness & Mutations

You are immune to sickness and miasma.
Your stone body is resilient. (AC +3)
You are immune to poison.
You resist negative energy. (rN+)
You are resistant to electric shocks. (rElec)
You are resistant to unholy torment.
You are immune to petrification.


Message History

The gnoll hits you from afar with a +0 spear.
Casting: Passwall (extremely dangerous; 12% risk of failure)
Confirm with . or Enter, or press ? or * to list all spells.
Aiming: Sandblast (safe; 3% risk of failure)
Press: ? - help, Shift-Dir - straight line, f - gnoll
Aim: a gnoll, wielding a +0 spear (84% to hit)
The blast of sand hits the gnoll.
The gnoll is moderately wounded.
The gnoll hits you from afar with a +0 spear.
Unknown command.
Casting: Sandblast (safe; 3% risk of failure)
Confirm with . or Enter, or press ? or * to list all spells.
Aiming: Sandblast (safe; 3% risk of failure)
Press: ? - help, Shift-Dir - straight line, f/p - gnoll
Aim: a gnoll, wielding a +0 spear (moderately wounded, 84% to hit)
The blast of sand misses the gnoll.
The gnoll barely misses you.
Unknown command.
Casting: Sandblast (safe; 3% risk of failure)
Confirm with . or Enter, or press ? or * to list all spells.
Aiming: Sandblast (safe; 3% risk of failure)
Press: ? - help, Shift-Dir - straight line, f/p - gnoll
Aim: a gnoll, wielding a +0 spear (moderately wounded, 84% to hit)
The blast of sand hits the gnoll.
The gnoll is severely wounded.
The gnoll hits you from afar with a +0 spear. x2
Unknown command.
Casting: Sandblast (safe; 3% risk of failure)
Confirm with . or Enter, or press ? or * to list all spells.
Aiming: Sandblast (safe; 3% risk of failure)
Press: ? - help, Shift-Dir - straight line, f/p - gnoll
Aim: a gnoll, wielding a +0 spear (severely wounded, 84% to hit)
The blast of sand hits the gnoll!
You kill the gnoll!
Unknown command.
The gnoll attacks as it pursues you! The gnoll hits you with a +0 flail.
The gnoll attacks as it pursues you! The gnoll hits you with a +0 flail.
* * * LOW HITPOINT WARNING * * *
The gnoll attacks as it pursues you! The gnoll hits you with a +0 flail!
Ouch! That really hurt!
You die...

#.#....g...g....#
#.##g#######.####
#.##.# #.#
#.##.#######.#
######.##....g....#
###......#########g.#
<.........# ###..##
###.#####.####
#.g...# #†#
#....###@###.# #.#
#........# .# #.#
#....###.# .# #.##
#.#.## #... .. #..#
#.#.# ##### # ##.#
#.#.# #.## #.#.#
#..##.#..# #....###.#


You could see 2 gnolls.

Vanquished Creatures
  A gnoll (D:2)
  A bat (D:1)
  5 endoplasms (D:1)
  2 hobgoblins (D:1)
  4 quokkas
  A ball python (D:1)
  2 frilled lizards
  A goblin (D:1)
  3 kobolds (D:1)
  2 rats
22 creatures vanquished.

Notes
Turn   | Place    | Note
-------+----------+-------------------------------------------
     0 | D:1      | Axelsxxd the Gargoyle Earth Elementalist began the quest
                  | for the Orb.
     0 | D:1      | Reached XP level 1. HP: 10/10 MP: 3/3
   238 | D:1      | Reached XP level 2. HP: 16/16 MP: 3/5
   306 | D:1      | Reached skill level 1 in Fighting
  1190 | D:2      | Reached XP level 3. HP: 20/20 MP: 4/6
  1213 | D:2      | Learned a level 3 spell: Passwall
  1369 | D:2      | Mangled by a gnoll

Illustrated notes

Levels and vault maps discovered:
D:1:      heliophobic_arrival_henge, layout_rooms, due_unseen_surprise
D:2:      layout_loops_ring, kennysheep_another_room, minmay_pentomino_v4,
          uniq_natasha

Skill      XL: |  1  2 |
---------------+-------+-----
Fighting       | 1 |  1.6
Dodging        | |  1.8
Stealth        | |  2.1
Spellcasting   | |  2.2
Conjurations   | |  1.7
Earth Magic    | |  3.9

Action                     || total
---------------------------++-------
  Melee: Unarmed           ||     7
         Club              ||     4
   Cast: Sandblast         ||    27
         Passwall          ||     2
 Armour: Robe              ||    24
  Dodge: Dodged            ||    37
